 Dungeon Crawl Stone Soup version 0.21.1-1-g345015f (webtiles) character file.

53 Moebius the Stinger (level 3, 0/21 HPs)
             Began as an Octopode Venom Mage on Feb 6, 2018.
             Slain by an adder (2 damage)
             ... on level 2 of the Dungeon.
             The game lasted 00:04:37 (1274 turns).

Moebius the Stinger (Octopode Venom Mage)           Turns: 1274, Time: 00:04:38

Health: 0/21       AC:  1    Str:  7    XL:     3   Next: 89%
Magic:  4/6        EV: 13    Int: 18    God:
Gold:   51         SH:  0    Dex: 12    Spells: 3/6 levels left

rFire    . . .     SeeInvis .   e - +2 dagger (elec)
rCold    . . .     Gourm    .   (no shield)
rNeg     . . .     Faith    .   (helmet restricted)
rPois    .         Spirit   .   (no amulet)
rElec    .         Reflect  .   (no ring)
rCorr    .         Harm     .   (no ring)
MR       .....                  (no ring)
Stlth    +++.......             (no ring)
HPRegen  0.07/turn              (no ring)
MPRegen  0.10/turn              (no ring)
                                (no ring)
                                (no ring)

@: no status effects
A: almost no armour, stealthy swim, amphibious, 8 rings, constrict 8, camouflage
1, gelatinous body 1
a: no special abilities


You were on level 2 of the Dungeon.
You were hungry.

You visited 1 branch of the dungeon, and saw 3 of its levels.

You collected 51 gold pieces.

Inventory:

Hand Weapons
 d - a +0 dagger
 e - a +2 dagger of electrocution (weapon)
 h - a cursed -2 dagger
 p - a +4 flail
Missiles
 c - 4 needles of confusion
 g - 5 javelins (quivered)
 n - 16 arrows
 q - 5 tomahawks
Jewellery
 m - a cursed amulet of inaccuracy {unknown}
Scrolls
 f - 2 scrolls of identify {unknown}
 i - a scroll of fog {unknown}
 j - 2 scrolls of blinking {unknown}
 l - a scroll of random uselessness {unknown}
Potions
 o - a potion of cancellation {unknown}
Books
 a - a Young Poisoner's Handbook

   Spells                             Type                      Level
   a - Sting                          Conjuration/Poison           1
   b - Poisonous Vapours              Poison/Air                   2
   c - Mephitic Cloud                 Conjuration/Poison/Air       3
   d - Olgreb's Toxic Radiance        Poison                       4
   e - Venom Bolt                     Conjuration/Poison           5
Comestibles
 b - 4 rations


   Skills:
 + Level 0.8 Short Blades
 - Level 2.0 Dodging
 + Level 3.8 Stealth
 + Level 2.3 Spellcasting
 * Level 1.5 Conjurations
 + Level 4.4 Poison Magic


You had 3 spell levels left.
You knew the following spells:

 Your Spells              Type           Power        Failure   Level  Hunger
a - Sting                 Conj/Pois      ##..         5%          1    #......
b - Poisonous Vapours     Pois/Air       ##....       11%         2    ##.....


Dungeon Overview and Level Annotations

Branches:
Dungeon (3/15)

Altars:

Annotations:
D:2 Sigmund


Innate Abilities, Weirdness & Mutations

You cannot wear most types of armour.
You are very stealthy in the water. (Stealth+)
You are amphibious.
You can wear up to eight rings at the same time.
You can use your tentacles to constrict eight enemies at once.
Your skin changes colour to match your surroundings (Stealth+).
Your rubbery body absorbs attacks. (AC +1, EV +1)


Message History

Sigmund shouts!
The adder hisses angrily.
Sigmund flickers, as though insubstantial.
Sigmund moves out of view.
Sigmund gestures at you while chanting. The puff of flame hits you!
Unknown command.
Casting: Sting
Confirm with . or Enter, or press ? or * to list all spells.
Aiming: Poisonous Vapours
Press: ? - help, Dir - move target cursor, f - Sigmund
Aim: Sigmund, wielding a scythe of protection and wearing a runed robe Poisonous vapours surround Sigmund!
Sigmund is engulfed in poison gas.
Sigmund is poisoned.
Sigmund hits you from afar with a scythe of protection!
* * * LOW HITPOINT WARNING * * *
Sigmund gestures wildly while chanting.
Sigmund flickers and vanishes!
Deactivating autopickup; reactivate with Ctrl-A.
The adder bites you.
You die...

## .# ### .## #.. .. #.##.#
# #.#..#.## #######
#.#.....#
#.....#####.#.##..####
######.....'.@S..{.........
#..........###########.####
#.......[..# #
#........######### .#
#..>.............#####.##
#.....>..................
#................##....#
#...................#
#...................#


You could see an adder.

Vanquished Creatures
  An adder (D:2)
  3 dart slugs (D:1)
  A worm (D:2)
  2 leopard geckos (D:1)
  4 orcs (D:3)
  A bat (D:1)
  2 giant cockroaches (D:1)
  2 hobgoblins
  8 kobolds (D:1)
  2 frilled lizards
  3 goblins
  3 rats (D:1)
32 creatures vanquished.

Notes
Turn   | Place    | Note
-------+----------+-------------------------------------------
     0 | D:1      | Moebius the Octopode Venom Mage began the quest for the Orb.
     0 | D:1      | Reached XP level 1. HP: 11/11 MP: 3/3
   152 | D:1      | Reached XP level 2. HP: 17/17 MP: 3/5
   156 | D:1      | Learned a level 2 spell: Poisonous Vapours
   206 | D:1      | Reached skill level 4 in Poison Magic
   748 | D:1      | Reached XP level 3. HP: 21/21 MP: 6/6
  1266 | D:2      | Noticed Sigmund
  1274 | D:2      | Slain by an adder

Skill      XL: |  1  2 |
---------------+-------+-----
Stealth        | 3 |  3.8
Poison Magic   | 4 |  4.4
Short Blades   | |  0.8
Dodging        | |  2.0
Spellcasting   | |  2.3
Conjurations   | |  1.5

Action                   || total
-------------------------++-------
Melee: Dagger            ||    40
       Constrict         ||     7
       Tentacles         ||     2
 Cast: Sting             ||    13
       Poisonous Vapours ||     6
 Stab: Sleeping          ||    12
  Eat: Chunk             ||     1
Armor: Skin              ||     4
Dodge: Dodged            ||    20
